 Dungeon Crawl Stone Soup version 0.31.0-12-g77e489cdc1 (webtiles) character file.

Game seed: 17952453222127751128

166 spaghetti the Trooper (level 5, -2/60 HPs)
             Began as a Naga Chaos Knight on Mar 7, 2024.
             Was a Plaything of Xom.
             Slain by a scorpion (3 damage)
             ... on level 3 of the Dungeon.
             The game lasted 00:02:17 (2131 turns).

spaghetti the Trooper (Naga Chaos Knight)           Turns: 2131, Time: 00:02:18

Health: -2/60      AC:  2    Str: 12 (14) XL:     5   Next: 47%
Magic:  5/5        EV:  9    Int: 16      God:    Xom [......]
Gold:   79         SH:  0    Dex: 11      Spells: 4/4 levels left

rFire   . . .        j - +4 short sword
rCold   . . .        (no shield)
rNeg    . . .        k - +0 robe of Indomitability {Int+4}
rPois   +            (no helmet)
rElec   .            (no cloak)
rCorr   .            (no gloves)
SInv    +            (no barding)
Will    ++...        (no amulet)
Stlth   +            f - ring of wizardry
HPRegen 0.30/turn    g - ring of willpower
MPRegen 0.09/turn

%: wizardry (x1)
@: lethally poisoned (-2 -> -18), short of breath, enlightened, flying, very
slow
A: AC +1, large, see invisible, deformed body, poison resistance, slowness 2,
spit poison 1, naga tail 1, deterioration 1, dopey 1, sense surroundings 1,
robust 1
a: Spit Poison, Renounce Religion


You were on level 3 of the Dungeon.
You worshipped Xom.
You were a very special plaything of Xom.
You visited 1 branch of the dungeon, and saw 3 of its levels.

You collected 79 gold pieces.

Inventory:

Hand Weapons
 a - a +0 falchion of chaos
 j - a +4 short sword (weapon)
Armour
 b - a +3 leather armour
 k - the +0 robe of Indomitability (worn) {Int+4}
   (You found it on level 2 of the Dungeon)

   Int+4:     It affects your intelligence (+4).
Jewellery
 f - a ring of wizardry (left hand)
 g - a ring of willpower (right hand)
Wands
 c - a wand of flame (10)
 l - a wand of digging (7)
Scrolls
 m - a scroll of fog
 o - a scroll of enchant weapon {unknown}
Potions
 d - a potion of cancellation
 e - a potion of degeneration
 h - a potion of lignification
 i - a potion of might


   Skills:
 + Level 6.0 Fighting
 - Level 3.0 Long Blades
 - Level 1.5 Armour
 - Level 0.7 Dodging


You had 4 spell levels left.
You didn't know any spells.
Your spell library contained the following spells:

 Spells                   Type           Power      Damage    Failure   Level
 Lesser Beckoning         Tloc           0%         N/A       16%         2
 Gell's Gravitas          Tloc           0%         N/A       28%         3
 Teleport Other           Tloc           0%         N/A       28%         3
 Dispersal                Tloc           0%         N/A       100%        6


Dungeon Overview and Level Annotations

Branches:
Dungeon (3/15)

Altars:
Trog
Wu Jian
Xom


Innate Abilities, Weirdness & Mutations

Your serpentine skin is tough. (AC +1)
You have supernaturally acute eyesight. (SInv)
Armour fits poorly on your strangely shaped body.
Your system is resistant to poisons. (rPois)
You cover ground very slowly.
You can spit poison.
You have a snake-like lower body.
Your body sometimes deteriorates upon taking damage.
You are dopey. (Int -2)
You passively map a small area around you.
You are robust. (+10% HP)


Message History

The scorpion is severely wounded.
You feel sick. The scorpion stings you.
You barely miss the scorpion.
The scorpion is severely wounded.
You feel sick. The scorpion stings you.
* * * LOW HITPOINT WARNING * * *
You emit a cloud of colourful smoke!
You hit the scorpion.
The scorpion is severely wounded.
You feel sick. The scorpion stings you.
* * * LOW HITPOINT WARNING * * *
You are more poisoned.
The scorpion poisons you!
You hit the scorpion.
The scorpion is severely wounded.
* * * LOW HITPOINT WARNING * * *
You feel sick. The scorpion stings you.
* * * LOW HITPOINT WARNING * * *
You completely miss the scorpion.
The scorpion is severely wounded.
* * * LOW HITPOINT WARNING * * *
You feel sick. The scorpion closely misses you.
You completely miss the scorpion.
The scorpion is severely wounded.
* * * LOW HITPOINT WARNING * * *
You feel sick.
The scorpion stings you but does no damage.
Unknown command.
Unknown command.
Aiming: Spit Poison (1% risk of failure)
Press: ? - help, Shift-Dir - straight line, f - scorpion
Aim: a scorpion (magical condensation, severely wounded, 59% to hit)
The splash of poison hits the scorpion.
The scorpion is almost dead.
* * * LOW HITPOINT WARNING * * *
You feel sick. The scorpion stings you.
* * * LOW HITPOINT WARNING * * *
You are more poisoned.
The scorpion poisons you! The scorpion stings you.
You die...

.# #.#*#.. , ,
.#####.) ..## *!#
†......#*#.># .#
######.# #.[# .# #
#.###..#######.# #
#....<.........#
######.#.#########..#
##.....#.#########..#
##.#####.##...§§@s..#
...#####.##.######..#
............# , ..#
...#####.####, ..#
##.# #.# * ..# ##.#
#.# ..# ##.# #.# ..#
##.#####.#* ,* ..#
..........


You could see a scorpion.

Vanquished Creatures
  Jessica (D:2)
  Natasha (thrice) (D:2)
  3 adders (D:2)
  2 dart slugs (D:1)
  4 endoplasms
  A giant cockroach (D:1)
  5 goblins
  4 hobgoblins
  3 jackals (D:3)
  6 ball pythons
  3 bats
  A kobold (D:1)
  3 rats
39 creatures vanquished.

Notes
Turn   | Place    | Note
-------+----------+-------------------------------------------
     0 | D:1      | spaghetti the Naga Chaos Knight began the quest for the
                  | Orb.
     0 | D:1      | Reached XP level 1. HP: 21/21 MP: 1/1
    34 | D:1      | XOM: silly message
   141 | D:1      | XOM: 2-stop teleportation journey
   224 | D:1      | XOM: stat loss: -1 Dex (9/10)
   230 | D:1      | Reached XP level 2. HP: 28/28 MP: 2/2
   338 | D:1      | XOM: scenery: create altars
   378 | D:1      | XOM: give mutations
   378 | D:1      | Gained mutation: You have an increased reservoir of magic.
                  | (+10% MP) [Xom's mischief]
   378 | D:1      | Gained mutation: You are robust. (+10% HP) [Xom's mischief]
   378 | D:1      | Gained mutation: Your body sometimes deteriorates upon
                  | taking damage. [Xom's mischief]
   378 | D:1      | Gained mutation: You are dopey. (Int -2) [Xom's mischief]
   628 | D:1      | Found a faded altar of an unknown god.
   644 | D:1      | XOM: scenery: summon butterflies
   765 | D:1      | XOM: give mutations
   765 | D:1      | Gained mutation: You passively map a small area around you.
                  | [Xom's mischief]
   765 | D:1      | Gained mutation: You sometimes lose your temper in combat.
                  | [Xom's mischief]
   765 | D:1      | Lost mutation: You have an increased reservoir of magic.
                  | (+10% MP) [Xom's mischief]
   827 | D:1      | XOM: scenery: 1 doors open
   831 | D:1      | Reached skill level 4 in Fighting
   994 | D:2      | XOM: scenery: summon butterflies
  1054 | D:2      | Identified the +0 robe of Indomitability {Int+4}
  1126 | D:2      | Reached XP level 3. HP: 39/39 MP: 3/3
  1143 | D:2      | Noticed Natasha
  1147 | D:2      | Killed Natasha
  1227 | D:2      | Reached XP level 4. HP: 43/49 MP: 4/4
  1349 | D:2      | Noticed Jessica
  1354 | D:2      | Killed Jessica
  1355 | D:2      | Reached skill level 5 in Fighting
  1465 | D:2      | XOM: give mutations
  1465 | D:2      | Lost mutation: You are dopey. (Int -2) [Xom's mischief]
  1465 | D:2      | Gained mutation: You are dopey. (Int -2) [Xom's mischief]
  1465 | D:2      | Lost mutation: You sometimes lose your temper in combat.
                  | [Xom's mischief]
  1598 | D:2      | Noticed Natasha
  1606 | D:2      | Killed Natasha
  1607 | D:2      | Reached XP level 5. HP: 30/59 MP: 5/5
  1615 | D:2      | Noticed Natasha
  1732 | D:3      | XOM: silly message
  1783 | D:2      | Killed Natasha
  1891 | D:2      | XOM: silly message
  1997 | D:2      | XOM: noise
  2036 | D:3      | Found a bloodstained altar of Trog.
  2036 | D:3      | Found an ornate altar of the Wu Jian Council.
  2055 | D:3      | Reached skill level 6 in Fighting
  2073 | D:3      | XOM is BORED!
  2081 | D:3      | XOM: silly message
  2126 | D:3      | XOM: smoke on damage
  2129 | D:3      | HP: 3/60 [poisoned by a scorpion]
  2131 | D:3      | HP: 1/60 [scorpion (1)]
  2131 | D:3      | Slain by a scorpion

Illustrated notes

Levels and vault maps discovered:
D:1:      ncdulo_halloftheorcs, layout_basic, serial_rivers,
          chequers_serial_rivers_small_3, chequers_serial_rivers_room_a,
          chequers_serial_rivers_small_a, chequers_serial_rivers_micro_c,
          chequers_serial_rivers_micro_d, ebering_ecumenical_altar_abandoned
D:2:      layout_basic, uniq_natasha, uniq_jessica
D:3:      layout_loops_ring, grunt_temple_overflow_open

Skill      XL: |  1  2  3  4  5 |
---------------+----------------+-----
Fighting       | 4 5 6 |  6.0
Long Blades    | |  3.0
Armour         | |  1.5
Dodging        | |  0.7

Action                     |  1- 3 |  4- 6 || total
---------------------------+-------+-------++-------
  Melee: Falchion          |    19 |       ||    19
         Short sword       |    10 |    48 ||    58
Ability: Spit Poison       |    12 |    10 ||    22
    Use: Scroll            |     8 |     1 ||     9
         Potion            |       |     2 ||     2
   Stab: Sleeping          |     1 |       ||     1
 Armour: Leather armour    |    11 |       ||    11
         Robe              |     8 |    53 ||    61
  Dodge: Dodged            |     4 |    15 ||    19
